 Dungeon Sprint DCSS version 0.28.0-53-g5a82cb258f (webtiles) character file.

Game seed: 3122012758130475236

814 Zeld the Cleaver (level 7, -6/73 HPs)
             Began as a Minotaur Berserker on June 16, 2022.
             Was a Priest of Trog.
             Killed from afar by Erica (15 damage)
             ... with an iceblast
             ... in the Dungeon (Sprint III: "The Ten Rune Challenge").
             The game lasted 00:01:09 (1154 turns).

Zeld the Cleaver (Minotaur Berserker)               Turns: 1154, Time: 00:01:10

Health: -6/73      AC:  2    Str: 24    XL:     7   Next: 62%
Magic:  6/6        EV: 14    Int:  4    God:    Trog [***...]
Gold:   17         SH:  0    Dex:  9    Spells: 6/6 levels left

rFire   . . .      SeeInvis .   a - +0 hand axe
rCold   . . .      Faith    .   (no shield)
rNeg    . . .      Spirit   .   b - +0 animal skin
rPois   .          Reflect  .   (helmet restricted)
rElec   .          Harm     .   (no cloak)
rCorr   .          Rampage  .   (no gloves)
Will    ++...      NoTele   +   (no boots)
Stlth   +.........              (no amulet)
HPRegen 1.22/turn               (no ring)
MPRegen 0.10/turn               (no ring)

@: strong-willed, on berserk cooldown, regenerating, slowed, very slow
A: horns 2, retaliatory headbutt
a: Renounce Religion, Berserk, Trog's Hand


You were in the Dungeon.
You worshipped Trog.
Trog was most pleased with you.
You visited 1 branch You collected 17 gold pieces.

Inventory:

Hand Weapons
 a - a +0 hand axe (weapon)
Armour
 b - a +0 animal skin (worn)
Wands
 n - a wand of charming (8)
Scrolls
 h - a scroll of blinking
 j - 2 scrolls of torment {unknown}
 k - 2 scrolls of identify
 m - a scroll of enchant weapon {unknown}
Potions
 d - a potion of heal wounds
 e - a potion of haste
 f - 2 potions of magic
 g - 2 potions of berserk rage
 i - 5 potions of mutation {unknown}
 l - 3 potions of flight
Miscellaneous
 o - a condenser vane


   Skills:
 + Level 10.7 Fighting
 * Level 14.4 Axes
 - Level 2.4 Armour
 + Level 9.5 Dodging


You had 6 spell levels left.
You didn't know any spells.
Your spell library was empty.

Dungeon Overview and Level Annotations

Branches:
Dungeon (1/1)

Altars:
Cheibriados
Dithmenos
Fedhas
Gozag
Hepliaklqana
Kikubaaqudgha
Makhleb
Nemelex Xobeh
Okawaru
Qazlal
Ru
Sif Muna
Trog
Uskayaw
Vehumet
Wu Jian
Xom
Yredelemnul
Beogh
Jiyva
Lugonu

Annotations:
D Erica


Innate Abilities, Weirdness & Mutations

You have a pair of horns on your head.
You reflexively headbutt those who attack you in melee.


Message History

Moving in this stuff is going to be slow.
Your ogre hits Erica with a +0 giant club.
Erica mumbles some strange words.
Erica flickers and vanishes!
Deactivating autopickup; reactivate with Ctrl-A.
Something hits your ogre! Something burns your ogre. Something hits you!
Something burns you. Something hits you!
* * * LOW HITPOINT WARNING * * *
Something burns you.
* * * LOW HITPOINT WARNING * * *
You hear a zap.
An iceblast appears from out of thin air!
The mass of ice explodes!
The iceblast engulfs you!
* * * LOW HITPOINT WARNING * * *
The iceblast engulfs your ogre!
Unknown command.
You hear a splashing noise.
You hear a splashing noise.
Your polar bear goes berserk!
You can no longer call in reinforcements.
You hear a splashing noise.
Something hits your ogre! Something burns your ogre.
Unknown command.
Something hits your polar bear. Something burns your polar bear.
Your polar bear rages.
Something hits your ogre! Something burns your ogre.
Your ogre dies!
Your ogre's corpse disappears in a puff of smoke!
There is an open door here.
Okay, then.
Unknown command.
Okay, then.
Your skin crawls.
You feel strong-willed.
You hear a zap.
An iceblast appears from out of thin air!
The mass of ice explodes!
The iceblast engulfs your polar bear!
Your polar bear partially resists.
The iceblast engulfs you!
You die...

♣ ♣..# #__.#._#
♣♣♣♣.###+#)###)##
.♣♣♣.#..........#
♣♣♣..'.⌠........#
≈≈♣♣.#...######'#
≈....#.⌠.#__#...#+#####
.....#...#__#...#.{≈§§+
.....#)###__#...#h#§§§#
.....#.):#__#...@.#§§§#
.....#___#__'...#.#.§§#
▓▓▓▓▓▓▓▓▓▓▓▓▓▓▓▓▓▓▓▓▓▓▓


You could see a friendly polar bear (summoned, berserk).

Vanquished Creatures
  A shadow (D)
  A spatial vortex (D)
  A necrophage (D)
  A water elemental (D)
  A jelly (D)
  A wizard (D)
  Jessica (D)
  A necromancer (D)
  3 humans (D)
  A kobold demonologist (D)
  A phantom (D)
  3 rats (D)
16 creatures vanquished.

Notes
Turn   | Place    | Note
-------+----------+-------------------------------------------
     0 | D        | Zeld the Minotaur Berserker began the quest for the Orb.
     0 | D        | Reached XP level 1. HP: 19/19 MP: 0/0
     5 | D        | Reached skill level 4 in Axes
    22 | D        | Noticed Jessica
    22 | D        | Reached ** piety under Trog
    25 | D        | Killed Jessica
    26 | D        | Reached skill level 5 in Fighting
    26 | D        | Reached skill level 6 in Axes
    26 | D        | Reached XP level 2. HP: 29/29 MP: 1/1
    51 | D        | Reached XP level 3. HP: 36/36 MP: 2/2
    92 | D        | Reached *** piety under Trog
    93 | D        | Reached skill level 7 in Axes
   131 | D        | Noticed a water elemental
   135 | D        | Killed a water elemental
   136 | D        | Reached skill level 8 in Axes
   136 | D        | Reached skill level 5 in Dodging
   136 | D        | Reached XP level 4. HP: 43/45 MP: 3/3
   333 | D        | Found a radiant altar of Vehumet.
   333 | D        | Found a shimmering blue altar of Sif Muna.
   333 | D        | Found an ancient bone altar of Kikubaaqudgha.
   333 | D        | Noticed a wizard
   335 | D        | Noticed a red devil
   335 | D        | Killed a wizard
   336 | D        | Reached skill level 9 in Axes
   342 | D        | Reached XP level 5. HP: 44/52 MP: 4/4
   562 | D        | Found a hide-covered altar of Uskayaw.
   562 | D        | Found an iron altar of Okawaru.
   562 | D        | Found a bloodstained altar of Trog.
   562 | D        | Found an ornate altar of the Wu Jian Council.
   562 | D        | Noticed a human
   563 | D        | Noticed a human
   569 | D        | Killed a human
   569 | D        | Reached **** piety under Trog
   570 | D        | Reached skill level 11 in Axes
   570 | D        | Reached XP level 6. HP: 62/62 MP: 5/5
   573 | D        | Killed a human
   574 | D        | Reached skill level 12 in Axes
   750 | D        | Found a basalt altar of Yredelemnul.
   750 | D        | Found a shadowy altar of Dithmenos.
   750 | D        | Found a sacrificial altar of Ru.
   759 | D        | Reached skill level 13 in Axes
   759 | D        | Reached XP level 7. HP: 71/71 MP: 6/6
   964 | D        | Noticed a shadow
   967 | D        | Killed a shadow
   967 | D        | Reached ***** piety under Trog
   968 | D        | Reached skill level 10 in Fighting
   971 | D        | Reached skill level 14 in Axes
  1022 | D        | Found a blossoming altar of Fedhas.
  1022 | D        | Found a stormy altar of Qazlal.
  1022 | D        | Found a snail-covered altar of Cheibriados.
  1022 | D        | Found a burning altar of Makhleb.
  1022 | D        | Found a shimmering altar of Xom.
  1029 | D        | Noticed a spatial vortex
  1030 | D        | Found a hazy altar of Hepliaklqana.
  1030 | D        | Found an opulent altar of Gozag.
  1030 | D        | Found a sparkling altar of Nemelex Xobeh.
  1030 | D        | Found a corrupted altar of Lugonu.
  1030 | D        | Found a viscous altar of Jiyva.
  1043 | D        | Killed a spatial vortex
  1137 | D        | Noticed Erica
  1154 | D        | Killed from afar by Erica

Illustrated notes

Levels and vault maps discovered:
D:        dungeon_sprint_mu [sprint_mu_entry_forest, sprint_mu_temple_rooms,
          sprint_mu_d1_horrors, sprint_mu_d2_genie, sprint_mu_d3_branching,
          sprint_mu_orc_legion, sprint_mu_elf_gauntlet, sprint_mu_hive_nellie,
          sprint_mu_lair_fedhas, sprint_mu_vaults_butterflies,
          sprint_mu_slime_circle, sprint_mu_swamp_cave, sprint_mu_shoals_kraken,
          sprint_mu_blade_basic, sprint_mu_crypt_lich, sprint_mu_tomb_spiral,
          sprint_mu_vestibule_basic, sprint_mu_gehenna_hellfire,
          sprint_mu_dis_giant, sprint_mu_tartarus_statrot,
          sprint_mu_cocytus_islands, sprint_mu_zot1]

Skill      XL: |  1  2  3  4  5  6  7 |
---------------+----------------------+-----
Axes           | 6 8 9 11 13 14 | 14.4
Fighting       | 5 6 7 8 9 10 | 10.7
Dodging        | 3 4 5 6 7 8 9 |  9.5
Armour         | |  2.4

Action                   |  1- 3 |  4- 6 |  7- 9 || total
-------------------------+-------+-------+-------++-------
Melee: Hand axe          |    14 |    23 |    10 ||    47
       Headbutt          |     4 |     4 |     5 ||    13
Invok: Berserk           |     2 |     3 |     2 ||     7
       Brothers in Arms  |       |       |     2 ||     2
       Trog's Hand       |       |       |     1 ||     1
  Use: Potion            |       |       |     1 ||     1
Armor: Animal skin       |       |     1 |       ||     1
Dodge: Dodged            |     7 |     8 |     5 ||    20
